 Dungeon Crawl Stone Soup version 0.32-a0-411-g744942f433 (webtiles) character file.

Game seed: 10387221676569952315

2957 dialectric the Ducker (level 9, -5/72 HPs)
             Began as a Coglin Fighter on Feb 21, 2024.
             Slain by an orc knight
             ... wielding a +0 halberd
              (21 damage)
             ... in a bailey.
             The game lasted 00:11:33 (6646 turns).

dialectric the Ducker (Coglin Fighter)              Turns: 6646, Time: 00:11:33

Health: -5/72      AC: 13    Str: 18    XL:     9   Next: 81%
Magic:  9/9        EV: 14    Int:  8    God:
Gold:   1016       SH:  0    Dex: 16    Spells: 8/8 levels left

rFire   . . .        y - +0 hand axe (vamp) {Bernhard}
rCold   + . .        d - +2 whip (drain) {Jubei}
rNeg    . . .        w - +2 ring mail {rC+}
rPois   .            n - +0 helmet
rElec   .            A - +1 cloak
rCorr   .            (no gloves)
SInv    .            q - +0 pair of boots
Will    +....        (no amulet)
Stlth   +            (no ring)
HPRegen 0.32/turn    (no ring)
MPRegen 0.11/turn

%: no passive effects
@: immotile, enlightened, flying, revved
A: off-hand wielding, slow wielding, warmup strikes, legs shutdown
a: no special abilities


You were in a bailey.
You visited 1 branch of the dungeon, and saw 7 of its levels.
You also visited: Bailey.

You collected 1016 gold pieces.

Inventory:

Hand Weapons
 d - a +2 whip of draining (offhand) {Jubei}
 t - a +0 morningstar
 y - a +0 vampiric hand axe (weapon) {Bernhard}
Missiles
 f - a throwing net
 i - 15 poisoned darts (quivered)
Armour
 b - a +0 scale mail
 c - a +0 buckler
 n - a +0 helmet (worn)
 q - a +0 pair of boots (worn)
 w - a +2 ring mail of cold resistance (worn)
 A - a +1 cloak (worn)
Jewellery
 h - a ring of magical power
Scrolls
 a - a scroll of amnesia {unknown}
 e - 3 scrolls of teleportation
 m - a scroll of fear
Potions
 g - a potion of mutation {unknown}
 j - a potion of cancellation
 k - a potion of lignification {unknown}
 o - 2 potions of attraction
 p - a potion of heal wounds {unknown}
 s - 3 potions of curing {unknown}
 B - a potion of magic {unknown}


   Skills:
 * Level 7.2 Fighting
 - Level 4.1(4.2) Axes
 + Level 1.0(2.5) Maces & Flails
 + Level 6.4 Armour
 * Level 7.7 Dodging
 - Level 2.6 Shields


You had 8 spell levels left.
You didn't know any spells.
Your spell library contained the following spells:

 Spells                   Type           Power      Damage    Failure   Level
 Apportation              Tloc           0%         N/A       58%         1
 Necrotise                Necr           0%         1d4       58%         1
 Shock                    Conj/Air       0%         1d3       58%         1
 Sting                    Conj/Alch      0%         1d3       58%         1
 Summon Small Mammal      Summ           0%         N/A       58%         1
 Frozen Ramparts          Ice            0%         1d1       91%         3
 Swiftness                Air            0%         N/A       91%         3
 Airstrike                Air            0%         2d(0-16)  100%        4
 Leda's Liquefaction      Alch/Erth      0%         N/A       100%        4
 Petrify                  Alch/Erth      0%         N/A       100%        4
 Metabolic Englaciation   Hex/Ice        0%         N/A       100%        5


Dungeon Overview and Level Annotations

Branches:
Dungeon (7/15)             Temple (0/1) D:6          Bailey (1/1)

Altars:
Elyvilon
Gozag
Nemelex Xobeh
Okawaru
Trog
Vehumet
Xom
Zin

Shops:
D:4 [

Annotations:
D:6 Dowan
D:7 Jeremiah


Innate Abilities, Weirdness & Mutations

You can wield a second weapon in your off-hand.
It takes a long time for you to wield or remove held weapons.
Your first few attacks do less damage.
Attacking and casting redirects power from your legs.


Message History

There is an open door here.
There is an open door here.
Okay, then.
It was a potion of enlightenment.
You feel very buoyant.
You fly up into the air.
The orc knight hits you from afar with a +0 halberd!
The orc knight barely misses you.
You hit the orc knight with your +2 whip of draining.
The orc knight is lightly wounded.
You hit the orc knight but do no damage.
The orc knight closely misses you.
You closely miss the orc knight with your +2 whip of draining.
The orc knight is lightly wounded.
You hit the orc knight but do no damage.
The orc knight hits you with a +0 halberd!!
You barely miss the orc knight with your +0 vampiric hand axe.
The orc knight is lightly wounded.
You whack the orc knight with your +2 whip of draining!
The orc knight barely misses you.
You closely miss the orc knight with your +0 vampiric hand axe.
The orc knight is lightly wounded.
You barely miss the orc knight with your +2 whip of draining.
The orc knight hits you with a +0 halberd.
You hit the orc knight with your +0 vampiric hand axe.
You feel better.
The orc knight is lightly wounded.
You hit the orc knight but do no damage.
The orc knight hits you with a +0 halberd!
You hit the orc knight with your +0 vampiric hand axe.
You feel better.
The orc knight is moderately wounded.
You closely miss the orc knight with your +2 whip of draining.
The orc knight hits you with a +0 halberd!
* * * LOW HITPOINT WARNING * * *
You closely miss the orc knight with your +2 whip of draining.
The orc knight is moderately wounded.
You hit the orc knight but do no damage.
The orc knight hits you with a +0 halberd!!
You die...

≈≈≈.§≈§..##...##..~.# #
≈..(§§§§..##.##..~~.#
...⌠.(.≈≈..#+#..~~.##
..⌠∩⌠......# #..~).∩#
≈....(≈≈..# ##..~~.#
≈≈≈≈≈≈≈o.# ##.)~.#
........# ##.).#
#######+###'#########)~.#
...##.....##...o@....)~.#
~~..##.∩.##..~~~~~~~~~~.#
.~).)## ##..~~..........#
..)~..###..~~..##########
#..~~.....~~..##
##..~~~~~~~..##
##.........## ###########


You could see an orc knight.

Vanquished Creatures
  Grinder (D:4)
  Eustachio (D:6)
  A steam dragon (D:6)
  A water moccasin (D:5)
  Duvessa (D:6)
  A black bear (D:4)
  5 orc warriors (Bailey)
  3 ogres (D:5)
  3 centaurs
  A bullfrog (D:6)
  A kobold brigand (D:5)
  3 scorpions
  A howler monkey (D:6)
  3 orc priests (D:5)
  3 jellies
  4 hounds
  5 orc wizards
  2 sleepcaps (D:6)
  Natasha (twice) (D:2)
  A gnoll (D:1)
  4 adders
  2 shadow imps
  2 white imps (D:6)
  4 dart slugs
  35 orcs
  6 ball pythons
  7 endoplasms
  3 giant cockroaches
  8 goblins
  7 hobgoblins
  4 jackals (D:1)
  27 kobolds
  2 quokkas
  10 bats
  5 frilled lizards
  8 rats
177 creatures vanquished.

Vanquished Creatures (others)
  An ice beast (D:6)
1 creature vanquished.

Grand Total: 178 creatures vanquished

Notes
Turn   | Place    | Note
-------+----------+-------------------------------------------
     0 | D:1      | dialectric the Coglin Fighter began the quest for the Orb.
     0 | D:1      | Reached XP level 1. HP: 18/18 MP: 1/1
    51 | D:1      | Reached XP level 2. HP: 24/24 MP: 2/2
   257 | D:1      | Reached XP level 3. HP: 27/29 MP: 3/3
   679 | D:1      | Reached XP level 4. HP: 31/35 MP: 4/4
  1296 | D:2      | Reached XP level 5. HP: 42/42 MP: 5/5
  1353 | D:2      | Noticed Natasha
  1367 | D:2      | Killed Natasha
  1368 | D:2      | Reached skill level 1 in Dodging
  1680 | D:2      | Noticed Natasha
  1685 | D:2      | Killed Natasha
  1985 | D:3      | Reached XP level 6. HP: 34/48 MP: 6/6
  2055 | D:3      | Found a bloodstained altar of Trog.
  2424 | D:3      | Found a sparkling altar of Nemelex Xobeh.
  2425 | D:3      | Found an opulent altar of Gozag.
  2540 | D:4      | Found Xierhu's Antique Armour Emporium.
  2632 | D:4      | Found a white marble altar of Elyvilon.
  2718 | D:4      | Found a radiant altar of Vehumet.
  2760 | D:4      | Noticed Grinder
  2766 | D:4      | Paralysed by Grinder for 3 turns
  2771 | D:4      | Paralysed by Grinder for 2 turns
  2776 | D:4      | Noticed a black bear
  2783 | D:4      | Killed a black bear
  2785 | D:4      | Killed Grinder
  2786 | D:4      | Reached XP level 7. HP: 4/55 MP: 7/7
  3380 | D:5      | Entered Level 5 of the Dungeon
  3423 | D:5      | Reached skill level 5 in Fighting
  3423 | D:5      | Reached XP level 8. HP: 37/62 MP: 8/8
  3878 | D:5      | Reached skill level 5 in Dodging
  4077 | D:5      | Reached skill level 5 in Armour
  5225 | D:6      | Reached XP level 9. HP: 62/69 MP: 9/9
  5267 | D:6      | Found a staircase to the Ecumenical Temple.
  5340 | D:6      | Noticed Eustachio
  5354 | D:6      | Noticed an angel
  5355 | D:6      | Found a shimmering altar of Xom.
  5371 | D:6      | Found a glowing silver altar of Zin.
  5469 | D:6      | Killed Eustachio
  5564 | D:6      | Found an iron altar of Okawaru.
  5855 | D:7      | Identified a scroll of acquirement
  5855 | D:7      | Acquired 717 gold pieces
  5859 | D:7      | Noticed Jeremiah
  5873 | D:7      | Noticed Duvessa
  5876 | D:7      | Noticed Dowan
  5927 | D:6      | Killed Duvessa
  6055 | D:7      | Found a flagged portal.
  6091 | Bailey   | Entered a bailey
  6457 | Bailey   | Noticed an orc knight
  6505 | Bailey   | Reached skill level 1 in Maces & Flails
  6646 | Bailey   | Slain by an orc knight

Illustrated notes

Levels and vault maps discovered:
D:1:      lemuel_arrival_broad_hall, layout_basic
D:2:      layout_basic, minmay_tromino_v4_c, uniq_natasha
D:3:      layout_rooms, grunt_temple_overflow_opulence,
          mainiacjoe_overflow_alcove_1
D:4:      layout_loops_ring, lemuel_doored_altar, mainiacjoe_overflow_alcove_2,
          serial_shops, shop, uniq_grinder
D:5:      kennysheep_kobold_camp, layout_basic
D:6:      layout_rooms, grunt_temple_overflow_order_and_chaos_1,
          mainiacjoe_overflow_boulevard, minmay_temple_entry_fiery,
          uniq_eustachio
D:7:      layout_loops_corners, cheibrodos_ashenzari_chains,
          chequers_temple_overflow_statue_of_worship, enter_bailey_4,
          minmay_holes, nicolae_wooded_promenade, minmay_quadrilaterals,
          uniq_jeremiah, uniq_duvessa, uniq_pikel
Bailey:   bailey_polearm_1, bailey

Skill      XL: |  1  2  3  4  5  6  7  8  9 |
---------------+----------------------------+-----
Armour         | 3 4 5 6 |  6.4
Axes           | 3 4 |  4.1
Dodging        | 1 3 4 6 7 |  7.7
Fighting       | 4 5 6 7 |  7.2
Maces & Flails | 1 |  1.0
Shields        | |  2.6

Action                     |  1- 3 |  4- 6 |  7- 9 || total
---------------------------+-------+-------+-------++-------
  Melee: War axe           |    68 |   180 |   128 ||   376
         Whip              |       |       |   295 ||   295
         Hand axe          |       |       |   168 ||   168
  Throw: Dart              |       |     2 |     8 ||    10
    Use: Potion            |       |     2 |     2 ||     4
         Scroll            |       |     1 |     8 ||     9
 Armour: Scale mail        |    58 |   192 |    86 ||   336
         Ring mail         |       |       |   155 ||   155
  Dodge: Dodged            |    35 |   126 |   253 ||   414
  Block: Buckler           |     2 |       |       ||     2

Table legend: (Time is in decaauts)
 A = Elapsed time spent in this place.
 B = Non-inter-level travel time spent in this place.
 C = Inter-level travel time spent in this place.
 D = Time resting spent in this place.
 E = Time spent auto-exploring this place.
 F = Levels seen in this place.
 G = Mean time per level.
                   A        B        C        D        E       F      G
               +--------+--------+--------+--------+--------+-----+--------+
         Total |   6778 |   6593 |    185 |    496 |   4507 |   8 |  847.2 |
       Dungeon |   6219 |   6034 |    185 |    390 |   4227 |   7 |  888.4 |
        Bailey |    559 |    559 |      0 |    106 |    279 |   1 |  559.0 |
               +--------+--------+--------+--------+--------+-----+--------+

Top non-repeatable levels by time:
     D:5: 1690 daAuts
     D:4: 1106 daAuts
     D:1: 974 daAuts
     D:2: 947 daAuts
     D:6: 660 daAuts
     D:3: 624 daAuts
  Bailey: 559 daAuts
     D:7: 214 daAuts
